 Dungeon Crawl Stone Soup version bcrawl-1.19.1 (webtiles) character file.

Game seed: 17598639085133066974

3295 mahrnol the Summoner (level 10, -8/50 HPs)
             Began as an Avariel Summoner on Dec 7, 2019.
             Shot with a bolt by a tengu warrior (33 damage)
             ... on level 8 of the Dungeon on Dec 9, 2019.
             The game lasted 00:57:10 (8859 turns).

mahrnol the Summoner (Avariel Summoner)             Turns: 8859, Time: 00:57:11

Health: -8/50      AC:  7    Str:  6    XL:     10   Next: 1%
Magic:  24/26      EV: 14    Int: 25    God:
Gold:   476        SH:  0    Dex: 13    Spells: 19/29 levels left

rFire    . . .     SeeInvis .   F - +3 dagger (speed)
rCold    . . .     Gourm    .   (no shield)
rNeg     . . .     Faith    .   B - +2 animal skin
rPois    .         Spirit   .   N - +2 hat
rElec    .         Reflect  .   a - +0 cloak
rCorr    .         Harm     .   (no gloves)
MR       +....                  b - +0 pair of boots
Stlth    +++.......             t - amulet of the acrobat
HPRegen  0.16/turn              (no ring)
MPRegen  0.20/turn              (no ring)

@: no status effects
A: hooves 1, deformed body, able to fly
a: Fly


You were on level 8 of the Dungeon.
You were hungry.

You visited 2 branches of the dungeon, and saw 9 of its levels.
You also visited: Ossuary.

You collected 588 gold pieces.
You spent 112 gold pieces at shops.

Inventory:

Hand Weapons
 i - a +1 dagger of venom
 j - a cursed -1 trident
 o - a cursed -3 hand axe
 s - a +0 dagger of chaos
 y - a +2 whip of distortion
 F - a +3 dagger of speed (weapon)
 H - a +0 whip of draining
 P - the +10 long sword "Lifebane" {freeze, Dex+4, unknown}
   (You found it on level 7 of the Dungeon)

   It has been specially enchanted to freeze those struck by it, causing extra
   injury to most foes and up to half again as much damage against particularly
   susceptible opponents.
   It can also slow down cold-blooded creatures.
   It affects your dexterity (+4).
Missiles
 m - 804 arrows
 n - 25 curare-tipped needles
 q - 69 poisoned needles
 v - 618 sling bullets
 M - 261 bolts
Armour
 a - a +0 cloak (worn)
 b - a +0 pair of boots (worn)
 B - a +2 animal skin (worn)
 N - a +2 hat (worn)
Jewellery
 t - an amulet of the acrobat (around neck)
Wands
 r - a wand of polymorph (5)
 w - a wand of iceblast (19)
 I - a wand of paralysis (16)
Scrolls
 c - a scroll of summoning
 e - 4 scrolls of remove curse {unknown}
 g - 6 scrolls of identify
 k - a scroll of blinking {unknown}
 l - a scroll of magic mapping
 u - 3 scrolls of enchant weapon {unknown}
 A - 2 scrolls of enchant armour {unknown}
 D - a scroll of noise {unknown}
 E - a scroll of amnesia {unknown}
 G - 2 scrolls of teleportation {unknown}
 K - 4 scrolls of fog {unknown}
 O - 2 scrolls of immolation {unknown}
 Q - a scroll of fear {unknown}
Potions
 f - a potion of haste {unknown}
 h - a potion of ambrosia {unknown}
 p - 4 potions of flight {unknown}
 x - 2 potions of berserk rage
 z - a potion of curing
 J - 2 potions of might
 L - 3 potions of brilliance
 R - 3 potions of lignification
 S - 2 potions of agility {unknown}
Comestibles
 d - 16 rations {!d}
 C - 6 chunks of flesh


   Skills:
 + Level 5.0 Short Blades
 + Level 4.6 Dodging
 + Level 4.6 Stealth
 + Level 10.2 Spellcasting
 + Level 10.6 Summonings
 + Level 1.6 Ice Magic


You had 19 spell levels left.
You knew the following spells:

 Your Spells              Type           Power        Failure   Level  Hunger
a - Summon Small Mammal   Summ           ####         1%          1    None
b - Call Imp              Summ           ######       1%          2    None
c - Call Canine Familiar  Summ           ######..     1%          3    None
d - Summon Ice Beast      Ice/Summ       #####...     3%          4    None

Your spell library contained the following spells:

 Spells                   Type           Power        Failure   Level  Hunger
 Summon Butterflies       Summ           ######..     1%          1    None
 Apportation              Tloc           ##....       4%          1    None
 Infusion                 Chrm           ##......     4%          1    None
 Sandblast                Erth           ##....       4%          1    None
 Slow                     Hex            ##......     4%          1    None
 Summon Lightning Spire   Summ/Air       #####...     16%         5    ####...


Dungeon Overview and Level Annotations

Branches:
Dungeon (8/12)             Temple (1/1) D:7
   Lair: D:7-9          Orc: D:8-11

Altars:
Ashenzari
Cheibriados
Dithmenos
Elyvilon
Gozag
Hepliaklqana
Kikubaaqudgha
Lugonu
Makhleb
Nemelex Xobeh
Okawaru
Qazlal
Ru
Trog
Uskayaw
Vehumet
Xom
Yredelemnul
Zin
The Shining One

Shops:
D:5 *:[(}   D:7 *

Annotations:
D:3 1 runed door
D:8 3 runed translucent doors, PlayerOfArmor's ghost, novice AvRe


Innate Abilities, Weirdness & Mutations

You can fly continuously.
You have large cloven feet.
Armour fits poorly on your strangely shaped body.


Message History

Casting: Summon Ice Beast (safe; 3% risk of failure)
Confirm with . or Enter, or press ? or * to list all spells.
The centaur shouts!
The centaur wields a cursed -2 shortbow.
The centaur shoots an arrow.
The arrow hits you.
A tengu warrior comes into view. It is wielding a +0 long sword.
The centaur shoots an arrow.
The arrow hits you.
Things that are here:
a +0 leather armour; a +0 dagger The centaur shoots an arrow.
The arrow misses you.
The tengu warrior shouts!
The tengu warrior unwields a +0 long sword.
The tengu warrior wields a +0 arbalest.
The tengu warrior shoots a bolt.
The bolt closely misses you.
You are feeling hungry.
The tengu warrior shoots a bolt.
The bolt hits you!
There is a stone staircase leading up here.
The tengu warrior shoots a bolt.
The bolt hits you!!
Ouch! That really hurt!
You die...

,,,*≈≈,≈≈*,........##.........###
,,,*≈,_,≈*,............#*#......#
,,,*≈≈,≈≈*,...........####.......
*,,*≈≈≈≈≈*,............#.........
*,,*######...#,*#...Q............
,,,*#.>.......###................
,,,*##.......##<#................
**,*#................[...#)......
,,,,##.....#.###@...)............
,,.##...#....# ##..#h............
*,...........###...#.............
*,................#..............
*,.........##......)...h.........
,,.........##....##..............
,,.##.#####..#..###......c......#
,,,,#*#.WK##.....##.#...###....##
,,,,*#.#K#K#........##...#.......


You could see a tengu warrior and a friendly warg.

Vanquished Creatures
  An ogre (D:7)
  2 phantoms
  A centaur (D:7)
  A bullfrog (D:6)
  A big kobold (D:7)
  A wight (D:7)
  A crimson imp (D:7)
  4 centaur zombies (Ossuary)
  2 hounds (D:7)
  An ogre zombie (Ossuary)
  5 mummies (Ossuary)
  A howler monkey zombie (D:7)
  A gnoll (D:6)
  4 adders
  A shadow imp (D:6)
  5 adder zombies (Ossuary)
  A leopard gecko (D:6)
  5 orcs (D:8)
  2 quokkas
  2 hobgoblin zombies (Ossuary)
  8 kobold zombies (Ossuary)
  4 quokka zombies (Ossuary)
  6 rat zombies (Ossuary)
60 creatures vanquished.

Vanquished Creatures (collateral kills)
  A centaur warrior (D:7)
  A tengu warrior (D:8)
  A cyclops (D:7)
  A hippogriff (D:7)
  Sigmund (D:3)
  A wraith (D:6)
  A hungry ghost (D:7)
  An ice beast (D:7)
  An ogre (D:5)
  3 sky beasts
  A necrophage (D:5)
  A centaur (D:7)
  2 bullfrogs (D:5)
  2 scorpions
  A water moccasin skeleton (D:5)
  4 wights (D:7)
  A howler monkey (D:4)
  A bullfrog zombie (D:6)
  5 crimson imps
  6 hounds
  A centaur zombie (D:6)
  A gnoll shaman (D:5)
  2 orc priests
  2 jellies
  Ijyb (D:3)
  An iguana (D:7)
  3 worker ants
  5 orc wizards
  A hound zombie (D:7)
  2 hound skeletons
  2 mummies (Ossuary)
  Robin (D:3)
  An adder (D:6)
  9 gnolls
  A howler monkey skeleton (D:4)
  A shadow imp (D:5)
  An ooze (D:2)
  An adder skeleton (D:5)
  4 worms
  2 dart slugs
  9 leopard geckos
  27 orcs
  2 ball pythons
  A giant cockroach (D:1)
  16 goblins
  12 hobgoblins
  4 jackals
  10 kobolds
  5 quokkas
  7 bats
  8 frilled lizards
  A jackal zombie (D:4)
  A leopard gecko zombie (D:5)
  A quokka zombie (D:5)
  7 rats
189 creatures vanquished.

Grand Total: 249 creatures vanquished

Notes
Turn   | Place    | Note
-------+----------+-------------------------------------------
     0 | D:1      | mahrnol the Avariel Summoner began the quest for the Orb.
     0 | D:1      | Reached XP level 1. HP: 10/10 MP: 6/6
    61 | D:1      | Reached skill level 5 in Summonings
   310 | D:1      | Reached XP level 2. HP: 15/15 MP: 5/7
   546 | D:1      | Learned a level 2 spell: Call Imp
   966 | D:2      | Reached XP level 3. HP: 19/19 MP: 6/9
  1047 | D:2      | Learned a level 3 spell: Call Canine Familiar
  1646 | D:2      | Reached XP level 4. HP: 24/24 MP: 8/11
  2068 | D:3      | Noticed Ijyb
  2122 | D:3      | Killed Ijyb
  2362 | D:3      | Noticed Sigmund
  2379 | D:3      | Killed Sigmund
  2379 | D:3      | Reached XP level 5. HP: 28/28 MP: 1/13
  2812 | D:3      | Noticed Robin
  2825 | D:3      | Killed Robin
  2850 | D:3      | Reached skill level 5 in Spellcasting
  2906 | D:3      | Found a white marble altar of Elyvilon.
  2907 | D:3      | Found a shadowy altar of Dithmenos.
  2907 | D:3      | Found a basalt altar of Yredelemnul.
  2907 | D:3      | Found a burning altar of Makhleb.
  2909 | D:3      | Found a corrupted altar of Lugonu.
  2909 | D:3      | Found a sparkling altar of Nemelex Xobeh.
  2910 | D:3      | Found a bloodstained altar of Trog.
  2949 | D:3      | Found a runed door.
  3143 | D:3      | crazy yuf
  3197 | D:4      | Reached XP level 6. HP: 24/32 MP: 5/15
  3403 | D:4      | Noticed a sky beast
  3420 | D:4      | Killed a sky beast
  3769 | D:5      | Entered Level 5 of the Dungeon
  3813 | D:5      | Found a radiant altar of Vehumet.
  3814 | D:5      | Found a shattered altar of Ashenzari.
  3827 | D:5      | Learned a level 4 spell: Summon Ice Beast
  3871 | D:5      | Reached XP level 7. HP: 36/36 MP: 12/17
  4004 | D:5      | Found Epnam Seizo's Gadget Shoppe.
  4075 | D:5      | Found Husulekk's General Store.
  4091 | D:5      | Bought a potion of brilliance for 60 gold pieces
  4133 | D:5      | Found Dak Byru's Antique Armour Emporium.
  4167 | D:5      | Found Dixihig's Book Shop.
  4220 | D:5      | Found Erewecve's Weapon Emporium.
  4467 | D:6      | Noticed a wraith
  4469 | D:6      | Reached XP level 8. HP: 32/41 MP: 14/21
  4486 | D:6      | Killed a wraith
  4556 | D:6      | Noticed an air elemental
  4558 | D:6      | Found a stormy altar of Qazlal.
  4559 | D:6      | Noticed a water elemental
  4847 | D:6      | Reached skill level 1 in Short Blades
  5638 | D:7      | Found Fayroab's General Store.
  5639 | D:7      | Noticed a centaur warrior
  5666 | D:7      | Killed a centaur warrior
  5923 | D:7      | Bought a scroll of magic mapping for 52 gold pieces
  6000 | D:7      | Found a staircase to the Ecumenical Temple.
  6026 | Temple   | Entered the Ecumenical Temple
  6268 | D:7      | Got a bone long sword
  6273 | D:7      | Gained mutation: You can fly continuously. [Avariel growth]
  6273 | D:7      | Reached XP level 9. HP: 45/45 MP: 22/24
  6650 | D:7      | Reached skill level 10 in Summonings
  6650 | D:7      | Reached skill level 1 in Ice Magic
  7235 | D:7      | Noticed a cyclops
  7251 | D:7      | Killed a cyclops
  7388 | D:7      | Reached skill level 10 in Spellcasting
  7737 | D:8      | Found a sand-covered staircase.
  7759 | D:8      | Gained mutation: Armour fits poorly on your strangely
                  | shaped body. [potion of mutation]
  7759 | D:8      | Gained mutation: You have large cloven feet. [potion of
                  | mutation]
  7777 | Ossuary  | Entered an ossuary
  8552 | D:8      | Found a runed translucent gate.
  8552 | D:8      | Found a runed translucent gate.
  8552 | D:8      | Found a runed translucent gate.
  8556 | D:8      | Noticed a kobold demonologist
  8558 | D:8      | Noticed PlayerOfArmor's ghost (novice AvRe)
  8647 | D:8      | Noticed a tengu warrior
  8677 | D:8      | Killed a tengu warrior
  8677 | D:8      | Reached skill level 5 in Short Blades
  8677 | D:8      | Reached XP level 10. HP: 18/50 MP: 14/26
  8854 | D:8      | Noticed a tengu warrior
  8859 | D:8      | Shot with a bolt by a tengu warrior

Skill      XL: |  1  2  3  4  5  6  7  8  9 |
---------------+----------------------------+-----
Summonings     | 5 6 7 8 9 10 | 10.6
Spellcasting   | 3 4 5 7 9 10 | 10.2
Short Blades   | 2 5 |  5.0
Dodging        | 3 4 |  4.6
Stealth        | 3 4 |  4.6
Ice Magic      | 1 |  1.6

Action                   |  1- 3 |  4- 6 |  7- 9 | 10-12 || total
-------------------------+-------+-------+-------+-------++-------
Melee: Dagger            |       |     3 |   484 |     8 ||   495
       Short sword       |       |     3 |       |       ||     3
 Cast: Summon Small Mamm |    92 |    46 |    11 |       ||   149
       Call Imp          |     6 |    35 |    34 |       ||    75
       Call Canine Famil |       |     1 |    18 |     1 ||    20
       Summon Ice Beast  |       |       |     9 |       ||     9
  Use: Scroll            |       |       |     7 |       ||     7
       Potion            |       |       |     1 |       ||     1
 Stab: Sleeping          |       |       |    17 |       ||    17
       Distracted        |       |       |     3 |       ||     3
  Eat: Chunk             |     2 |     6 |    12 |       ||    20
       Ration            |       |       |     2 |       ||     2
Armor: Robe              |    19 |     4 |       |       ||    23
       Animal skin       |       |       |    70 |       ||    70
Dodge: Dodged            |    40 |    37 |   220 |     6 ||   303
